 Dungeon Crawl Stone Soup version 0.31.0-32-g396128a36d (webtiles) character file.

Game seed: 4442052472418803021

15 BoneyBoi1234 the Chopper (level 2, 23/25 HPs)
             Began as a Hill Orc Reaver on Mar 27, 2024.
             Quit the game on level 1 of the Dungeon.
             The game lasted 00:02:05 (560 turns).

BoneyBoi1234 the Chopper (Hill Orc Reaver)           Turns: 560, Time: 00:02:06

Health: 23/25      AC:  3    Str: 14    XL:     2   Next: 50%
Magic:  4/4        EV: 11    Int: 13    God:
Gold:   45         SH:  0    Dex:  9    Spells: 3/4 levels left

rFire   . . .        a - +0 hand axe
rCold   . . .        (no shield)
rNeg    . . .        b - +0 leather armour
rPois   .            (no helmet)
rElec   .            (no cloak)
rCorr   .            (no gloves)
SInv    .            (no boots)
Will    .....        (no amulet)
Stlth   +            (no ring)
HPRegen 0.24/turn    (no ring)
MPRegen 0.09/turn

%: no passive effects
@: no status effects
A: no striking features
a: no special abilities


You were on level 1 of the Dungeon.
You visited 1 branch of the dungeon, and saw 1 of its levels.

You collected 45 gold pieces.

Inventory:

Hand Weapons
 a - a +0 hand axe (weapon)
Armour
 b - a +0 leather armour (worn)
Scrolls
 c - 2 scrolls of identify {unknown}
Potions
 d - a potion of lignification {unknown}
 e - a potion of heal wounds {unknown}


   Skills:
 + Level 2.7 Fighting
 + Level 4.2 Axes
 + Level 1.8 Dodging
 + Level 1.7 Spellcasting
 + Level 3.1 Conjurations


You had 3 spell levels left.
You knew the following spells:

 Your Spells              Type           Power      Damage    Failure   Level
a - Kiss of Death         Conj/Necr      20%        2d7       17%         1

Your spell library contained the following spells:

 Spells                   Type           Power      Damage    Failure   Level
 Momentum Strike          Conj/Tloc      10%        3d8       26%         2
 Hailstorm                Conj/Ice       5%         3d5       45%         3


Dungeon Overview and Level Annotations

Branches:
Dungeon (1/15)

Altars:


Message History

The quokka is severely wounded.
The bat closely misses you. The quokka barely misses you.
The quokka closely misses you.
You closely miss the quokka.
The quokka is severely wounded.
You miss the bat. The bat hits you but does no damage.
The quokka barely misses you.
You barely miss the quokka.
The quokka is severely wounded.
The bat hits you but does no damage. The quokka bites you.
You closely miss the quokka.
The quokka is severely wounded.
You miss the bat. The bat hits you but does no damage.
The quokka barely misses you. The quokka closely misses you.
You hit the quokka but do no damage.
The quokka is severely wounded.
You hit the bat. The bat barely misses you.
The quokka bites you but does no damage.
You slash the quokka!
You kill the quokka!
You closely miss the bat. The bat closely misses you.
The bat hits you but does no damage. x2
You hit the bat.
You kill the bat!
No target in view!
e - a dark potion A frilled lizard comes into view.
The frilled lizard hisses angrily.
A frilled lizard is nearby!
The frilled lizard bites you.
You barely miss the frilled lizard. The frilled lizard barely misses you.
You hit the frilled lizard.
You kill the frilled lizard!
No target in view!
No target in view!
No target in view!
Unknown command.
Unknown command.
Char dumped successfully.
Are you sure you want to abandon this character and quit the game? (Confirm with "yes".)

#. ... #..........#
#. #.. #..........#
### ..##..........#
#.. #............#
#.. #............#
#.. .
#............# #..
....##.#..........#
###
.......@..........#
......†#..........#
...#...#..........#
. #...........####
+...........#
#...........####
#..............#
#...........##.##
...##########.##


There were no monsters in sight!

Vanquished Creatures
  A dart slug (D:1)
  2 bats (D:1)
  2 hobgoblins (D:1)
  2 jackals (D:1)
  A quokka (D:1)
  4 frilled lizards (D:1)
12 creatures vanquished.

Notes
Turn   | Place    | Note
-------+----------+-------------------------------------------
     0 | D:1      | BoneyBoi1234 the Hill Orc Reaver began the quest for the
                  | Orb.
     0 | D:1      | Reached XP level 1. HP: 18/18 MP: 3/3
   187 | D:1      | Reached XP level 2. HP: 13/24 MP: 4/4
   560 | D:1      | Quit the game

Illustrated notes

Levels and vault maps discovered:
D:1:      spicycebolla_arrival_xxxplode, layout_basic

Action                     || total
---------------------------++-------
  Melee: Hand axe          ||    50
         Punch             ||     2
   Cast: Kiss of Death     ||     1
 Armour: Leather armour    ||    32
  Dodge: Dodged            ||    37
